 Dungeon Crawl Stone Soup version 0.31.0-12-g77e489cdc1 (webtiles) character file.

Game seed: 12898051206592430212

46 BreadTh the Ducker (level 3, 18/18 HPs)
             Began as a Felid Shapeshifter on Feb 17, 2024.
             Quit the game on level 2 of the Dungeon.
             The game lasted 00:03:54 (1067 turns).

BreadTh the Ducker (Felid Shapeshifter)             Turns: 1067, Time: 00:03:54

Health: 18/18      AC:  1    Str: 10    XL:     3   Next: 44%
Magic:  4/4        EV: 18    Int: 13    God:
Gold:   73         SH:  0    Dex: 17    Spells: 2/2 levels left
                                        Lives:  0   Deaths: 1

rFire   . .          .
                       - Unarmed
rCold   . . .        (shield unavailable)
rNeg    . . .        (body armour unavailable)
rPois   .            (helmet unavailable)
rElec   .            (cloak unavailable)
rCorr   .            (gloves unavailable)
SInv    +            (boots unavailable)
Will    .....        (no amulet)
Stlth   ++           (no ring)
HPRegen 0.23/turn    (no ring)
MPRegen 0.09/turn

%: no passive effects
@: beast-form
A: beast (slay +1), very small, claws 1, fangs 3, see invisible, shaggy fur 1,
stealthy paws, no weapons or thrown items, no armour, multi-lived
a: Begin Untransformation


You were on level 2 of the Dungeon.
You were a hulking beast.
You visited 1 branch of the dungeon, and saw 2 of its levels.

You collected 73 gold pieces.

Inventory:

Talismans
 b - a beast talisman
 c - a flux talisman
Scrolls
 g - a scroll of immolation {unknown}
 h - a scroll of revelation {unknown}
 j - a scroll of identify {unknown}
Potions
 d - a potion of magic {unknown}
 e - a potion of cancellation {unknown}
 f - a potion of mutation {unknown}
 i - 2 potions of curing {unknown}


   Skills:
 + Level 1.5 Fighting
 * Level 3.7 Dodging
 + Level 1.7 Stealth
 + Level 3.3 Unarmed Combat
 + Level 2.9 Shapeshifting


You had 2 spell levels left.
You didn't know any spells.
Your spell library was empty.

Dungeon Overview and Level Annotations

Branches:
Dungeon (2/15)

Altars:


Innate Abilities, Weirdness & Mutations

You are a hulking beast.
Your limbs bulge with bestial killing power. (Slay +1)
You have sharp claws.
You have razor-sharp teeth.
You have supernaturally acute eyesight. (SInv)
You are covered in fur. (AC +1)
Your paws help you pounce on unaware monsters.
You are incapable of wielding weapons or throwing items.
You cannot wear armour.
You gain extra lives every three experience levels.


Message History

The adder is moderately wounded.
The hobgoblin completely misses you. The adder bites you but does no damage.
You closely miss the adder. You bite the adder.
The adder is heavily wounded.
The adder completely misses you. The hobgoblin closely misses you.
The adder barely misses you.
The hobgoblin attacks as it pursues you!
The hobgoblin misses you. The adder bites you.
The hobgoblin attacks as it pursues you!
The hobgoblin hits you. The adder attacks as it pursues you!
The adder bites you.
You are poisoned.
The adder poisons you!
You feel sick.
You feel sick.
The hobgoblin attacks as it pursues you!
The hobgoblin closely misses you. The adder bites you.
* * * LOW HITPOINT WARNING * * *
You are lethally poisoned!
The adder poisons you!
You scratch the adder.
The adder is almost dead.
* * * LOW HITPOINT WARNING * * *
You feel very sick. The hobgoblin misses you. The adder misses you.
Your transformation has ended.
You turn into a tree.
Your roots penetrate the ground.
* * * LOW HITPOINT WARNING * * *
You feel sick. The adder bites you but does no damage.
The hobgoblin hits you but does no damage.
You closely miss the adder. Your punch misses the adder.
The adder is almost dead.
You die...
Your shape twists and changes as you die.
You feel sick. The adder bites you but does no damage.
The hobgoblin barely misses you. The adder bites you but does no damage.
You feel less wooden.
You turn into a hulking beast.
You rejoin the land of the living...
Are you sure you want to abandon this character and quit the game? (Confirm with "yes".)

#########..#######.#
........>..#
...........#
########...# #
#......# #
#.##..######## # #
#.†..).....# #
#...######.# # #....
#h# # #..##. #.# #
#... . #.# ##.. .
..# .. ### #


There were no monsters in sight!

Vanquished Creatures
  2 adders (D:2)
  2 dart slugs
  A ball python (D:1)
  2 endoplasms
  2 goblins (D:1)
  2 hobgoblins (D:1)
  2 kobolds (D:1)
  2 quokkas (D:1)
  5 bats (D:1)
  A frilled lizard (D:1)
  3 rats (D:1)
24 creatures vanquished.

Notes
Turn   | Place    | Note
-------+----------+-------------------------------------------
     0 | D:1      | BreadTh the Felid Shapeshifter began the quest for the Orb.
     0 | D:1      | Reached XP level 1. HP: 10/10 MP: 2/2
   122 | D:1      | Reached XP level 2. HP: 14/14 MP: 3/3
   124 | D:1      | Reached skill level 1 in Stealth
   977 | D:2      | Identified the +10 hand axe of Success {freeze, ^Drain
                  | rElec Int+3 Dex+3}
   994 | D:2      | Reached XP level 3. HP: 18/18 MP: 4/4
  1066 | D:2      | Succumbed to an adder's poison
  1066 | D:2      | Lost a life (0 lives remaining)
  1067 | D:2      | Quit the game

Illustrated notes

Levels and vault maps discovered:
D:1:      enne_arrival_octagon_isle, layout_basic
D:2:      cheibrodos_helix_gallery, layout_basic, basic_altar,
          uniq_crazy_yiuf_cottage

Skill      XL: |  1  2 |
---------------+-------+-----
Dodging        | 3 |  3.7
Stealth        | 1 |  1.7
Fighting       | |  1.5
Unarmed Combat | |  3.3
Shapeshifting  | |  2.9

Action                     || total
---------------------------++-------
  Melee: Unarmed           ||    54
         Bite              ||     5
         Punch             ||     2
    Use: Potion            ||     1
   Stab: Sleeping          ||     4
 Armour: Skin              ||    18
  Dodge: Dodged            ||    43
